 Dungeon Crawl Stone Soup version 0.21.3-3-g218456f21e (webtiles) character file.

4118 MordorOrchid the Digger (level 10, -1/91 HPs)
             Began as a Troll Earth Elementalist on Nov 15, 2020.
             Was a Follower of Uskayaw.
             Slain by a two-headed ogre
             ... wielding a +0 giant spiked club
              (28 damage)
             ... on level 7 of the Dungeon.
             The game lasted 00:34:53 (4566 turns).

MordorOrchid the Digger (Troll Earth Elementalist)  Turns: 4566, Time: 00:34:53

Health: -1/91      AC:  6    Str: 18    XL:     10   Next: 6%
Magic:  15/15      EV: 12    Int: 14    God:    Uskayaw [*.....]
Gold:   317        SH:  0    Dex: 13    Spells: 10/17 levels left

rFire    . . .     SeeInvis +     - Unarmed
rCold    . . .     Gourm    +   (no shield)
rNeg     . . .     Faith    .   c - +0 robe
rPois    .         Spirit   .   (helmet restricted)
rElec    .         Reflect  .   p - +0 cloak
rCorr    .         Harm     .   (gloves unavailable)
MR       .....                  (boots unavailable)
Stlth    ++........             (no amulet)
HPRegen  0.65/turn              H - ring of see invisible
MPRegen  0.14/turn              J - +3 ring of dexterity

@: about to teleport
A: large, unfitting armour, claws 3, fast metabolism 3, gourmand, regeneration
1, shaggy fur 1, tough skin 2
a: Stomp, Renounce Religion


You were on level 7 of the Dungeon.
You worshipped Uskayaw.
Uskayaw was noncommittal.
You were completely stuffed.

You visited 2 branches of the dungeon, and saw 9 of its levels.

You collected 317 gold pieces.

Inventory:

Missiles
 b - 197 stones
 g - 5 large rocks
 h - 3 tomahawks of returning
 i - 170 arrows
 k - 23 poisoned needles
 r - 4 silver tomahawks (quivered)
 K - 2 throwing nets
Armour
 c - a +0 robe (worn)
 p - a +0 cloak (worn)
Jewellery
 F - a cursed amulet of guardian spirit
 H - a ring of see invisible (left claw)
 J - a +3 ring of dexterity (right claw)
 L - an uncursed ring of fire
Wands
 C - a wand of flame (17)
 D - a wand of acid (10)
Scrolls
 a - a scroll of blinking
 j - 2 scrolls of amnesia
 n - 2 scrolls of magic mapping
 o - 2 scrolls of remove curse
 s - a scroll of noise {unknown}
 u - a scroll of enchant armour {unknown}
 w - 3 scrolls of enchant weapon
 y - a scroll of random uselessness {unknown}
 G - a scroll of immolation
 I - a scroll of silence {unknown}
Potions
 f - 4 potions of curing
 l - a potion of might
 q - 2 potions of cancellation {unknown}
 v - 3 potions of ambrosia
 x - a potion of agility {unknown}
 z - a potion of haste {unknown}
 A - 2 potions of resistance {unknown}
 B - 2 potions of brilliance {unknown}
 E - a potion of lignification {unknown}
Books
 e - a book of Geomancy

   Spells                             Type                      Level
   a - Sandblast                      Earth                        1
   b - Passwall                       Transmutation/Earth          2
   c - Stone Arrow                    Conjuration/Earth            3
   d - Petrify                        Transmutation/Earth          4
   e - Lee's Rapid Deconstruction     Earth                        5
Comestibles
 d - 20 rations
 m - a chunk of flesh


   Skills:
 - Level 3.2 Fighting
 - Level 2.1 Throwing
 * Level 4.7 Dodging
 - Level 1.0 Stealth
 - Level 3.3 Unarmed Combat
 * Level 4.4 Spellcasting
 * Level 3.1 Transmutations
 * Level 5.6 Earth Magic
 * Level 4.5 Invocations
 * Level 3.6 Evocations


You had 10 spell levels left.
You knew the following spells:

 Your Spells              Type           Power        Failure   Level  Hunger
a - Sandblast             Erth           ###...       1%          1    None
d - Petrify               Tmut/Erth      ###.....     30%         4    ####...
w - Passwall              Tmut/Erth      ###.......   4%          2    ##.....


Dungeon Overview and Level Annotations

Branches:
Dungeon (8/15)             Temple (1/1) D:5
   Lair: D:8-11

Altars:
Ashenzari
Cheibriados
Elyvilon
Fedhas
Gozag
Hepliaklqana
Kikubaaqudgha
Makhleb
Qazlal
Ru
Sif Muna
Trog
Uskayaw
Vehumet
Wu Jian
Xom
Yredelemnul
Zin
The Shining One

Shops:
D:5 :


Innate Abilities, Weirdness & Mutations

You are too large for most types of armour.
You have claws for hands.
Your metabolism is lightning-fast.
You like to eat raw meat.
Your natural rate of healing is unusually fast.
You are covered in fur. (AC +1)
You have very tough skin. (AC +2)


Message History

Things that are here:
a plate armour; a war axe
There is a stone staircase leading down, spattered with blood here.
You climb downwards.
The orc priest shouts!
The two-headed ogre hits you with a giant spiked club!!
The two-headed ogre hits you with a giant spiked club!
The orc priest mumbles some strange prayers to Beogh against you.
Beogh smites you!
* * * LOW HITPOINT WARNING * * *
There is a stone staircase leading up, spattered with blood here.
You see here 2 arrows.
The two-headed ogre closely misses you. x2
The orc priest completely misses you.
You climb upwards.
There is a stone staircase leading down, spattered with blood here.
As you read the scroll of teleportation, it crumbles to dust.
You feel strangely unstable.
The two-headed ogre hits you with a giant spiked club!!
You die...

##########
#.......<# ########
#........###......##
#..........)).....#.
#........###........
#.........##........
#..@)......#........
#.o.O......#........
#..[.......#........
#[.........#.......#
#[.........#...###..
##....########.# ##.
##..)#########.## ##
#....###...÷##..# #
#....#..#.§.###.## #


You could see a two-headed ogre and an orc priest.

Vanquished Creatures
  2 two-headed ogres (D:7)
  Pikel (D:6)
  A hippogriff (D:7)
  The ghost of MordorOrchid the Scratcher, an amateur FeTm of Sif Muna (D:6)
  A black bear (D:6)
  3 orc warriors
  An ice beast (D:8)
  A slave (D:6)
  2 phantoms (D:7)
  The ghost of P0WERM0DE the Slasher, an amateur DsWn (D:3)
  An ogre (D:7)
  4 centaurs
  2 bullfrogs
  A gnoll sergeant (D:7)
  A scorpion (D:6)
  A centaur zombie (D:6)
  A bullfrog skeleton (D:7)
  3 orc priests (D:7)
  4 orc wizards
  2 iguanas (D:7)
  4 worker ants
  A killer bee zombie (D:8)
  A hound zombie (D:4)
  A hound skeleton (D:6)
  A howler monkey zombie (D:6)
  8 gnolls
  5 adders
  3 shadow imps
  2 oozes
  2 worms
  A dart slug (D:1)
  3 leopard geckos
  16 orcs
  A ball python (D:7)
  3 giant cockroaches
  2 hobgoblins
  6 jackals
  4 quokkas
  A bat (D:2)
  3 frilled lizards
  7 goblins
  14 kobolds
  A leopard gecko skeleton (D:7)
  6 rats
130 creatures vanquished.

Notes
Turn   | Place    | Note
-------+----------+-------------------------------------------
     0 | D:1      | MordorOrchid the Troll Earth Elementalist began the quest for the Orb.
     0 | D:1      | Reached XP level 1. HP: 16/16 MP: 1/1
   136 | D:1      | Reached XP level 2. HP: 24/26 MP: 0/2
   185 | D:1      | Reached skill level 1 in Unarmed Combat
   317 | D:1      | Reached skill level 1 in Fighting
   460 | D:2      | Found an opulent altar of Gozag.
   684 | D:2      | Reached XP level 3. HP: 33/33 MP: 0/3
   688 | D:2      | Learned a level 2 spell: Passwall
  1023 | D:3      | Reached XP level 4. HP: 32/41 MP: 0/5
  1065 | D:3      | Reached skill level 1 in Transmutations
  1080 | D:3      | Noticed P0WERM0DE's ghost (amateur DsWn)
  1142 | D:3      | Reached XP level 5. HP: 29/48 MP: 6/6
  1226 | D:2      | Reached skill level 3 in Earth Magic
  1325 | D:3      | Found a hazy altar of Hepliaklqana.
  1393 | D:3      | Killed P0WERM0DE's ghost
  1393 | D:3      | Reached XP level 6. HP: 23/57 MP: 4/7
  1806 | D:4      | Found a shimmering altar of Xom.
  1940 | D:5      | Entered Level 5 of the Dungeon
  1977 | D:5      | Found a staircase to the Ecumenical Temple.
  1987 | Temple   | Entered the Ecumenical Temple
  2066 | Temple   | Became a worshipper of Uskayaw the Reveler
  2128 | D:5      | Reached * piety under Uskayaw
  2266 | D:5      | Found Toboenack's Book Shop.
  2393 | D:5      | Found a snail-covered altar of Cheibriados.
  2468 | D:5      | Reached ** piety under Uskayaw
  2538 | D:5      | Reached skill level 1 in Throwing
  2538 | D:5      | Reached XP level 7. HP: 62/65 MP: 3/9
  2592 | D:5      | Found a basalt altar of Yredelemnul.
  2831 | D:6      | Noticed MordorOrchid's ghost (amateur FeTm)
  2914 | D:6      | Killed MordorOrchid's ghost
  3067 | D:6      | Noticed Pikel
  3081 | D:6      | Reached *** piety under Uskayaw
  3086 | D:6      | Killed Pikel
  3086 | D:6      | Reached skill level 4 in Earth Magic
  3086 | D:6      | Reached skill level 1 in Invocations
  3086 | D:6      | Reached XP level 8. HP: 47/74 MP: 10/12
  3211 | D:6      | Reached skill level 1 in Evocations
  3280 | D:7      | Noticed a two-headed ogre
  3288 | D:7      | Found a stormy altar of Qazlal.
  3346 | D:7      | Found an ornate altar of the Wu Jian Council.
  3346 | D:7      | Noticed a hippogriff
  3378 | D:7      | Noticed a two-headed ogre
  3420 | D:7      | Killed a two-headed ogre
  3420 | D:7      | Reached XP level 9. HP: 63/80 MP: 13/13
  3574 | D:7      | Found a shattered altar of Ashenzari.
  3637 | D:7      | Learned a level 4 spell: Petrify
  3732 | D:7      | Killed a two-headed ogre
  3732 | D:7      | Reached skill level 5 in Earth Magic
  3764 | D:7      | Reached **** piety under Uskayaw
  4081 | D:7      | Found a sacrificial altar of Ru.
  4081 | D:7      | Found a burning altar of Makhleb.
  4177 | D:8      | Noticed a two-headed ogre
  4401 | D:7      | Reached XP level 10. HP: 83/91 MP: 15/15
  4566 | D:7      | Slain by a two-headed ogre

Skill      XL: |  1  2  3  4  5  6  7  8  9 |
---------------+----------------------------+-----
Unarmed Combat | 1 2 3 |  3.3
Fighting       | 1 2 3 |  3.2
Dodging        | 2 3 4 |  4.7
Transmutations | 1 2 3 |  3.1
Earth Magic    | 3 4 5 |  5.6
Spellcasting   | 2 3 4 |  4.4
Throwing       | 1 2 |  2.1
Invocations    | 1 3 4 |  4.5
Evocations     | 2 3 |  3.6
Stealth        | |  1.0

Action                   |  1- 3 |  4- 6 |  7- 9 | 10-12 || total
-------------------------+-------+-------+-------+-------++-------
Melee: Unarmed           |    69 |   107 |   186 |    26 ||   388
       Punch             |       |     1 |     3 |       ||     4
Throw: Large rock        |       |     1 |       |       ||     1
       Tomahawk          |       |       |     3 |       ||     3
 Cast: Sandblast         |    14 |    32 |    54 |       ||   100
Evoke: Wand              |       |       |    19 |     3 ||    22
  Use: Scroll            |     3 |     3 |     6 |     1 ||    13
       Potion            |       |     1 |     1 |       ||     2
 Stab: Sleeping          |     2 |     2 |     1 |       ||     5
       Paralysed         |       |       |     5 |       ||     5
  Eat: Chunk             |    15 |    13 |    20 |     2 ||    50
Armor: Robe              |    29 |    30 |    47 |     3 ||   109
Dodge: Dodged            |    41 |    57 |   130 |    12 ||   240
